 Dungeon Crawl Stone Soup version 0.19.0-18-g426998a (webtiles) character file.

258 SirGodfroy the Cutter (level 5, -1/41 HPs)
             Began as a Vampire Berserker on Nov 12, 2016.
             Was a Believer of Trog.
             Slain by a worker ant (6 damage)
             ... on level 3 of the Dungeon.
             The game lasted 00:06:28 (2822 turns).

SirGodfroy the Cutter (Vampire Berserker)           Turns: 2822, Time: 00:06:28

Health: -1/41      AC:  3    Str: 16    XL:     5   Next: 94%
Magic:  5/5        EV: 13    Int:  9    God:    Trog [**....]
Gold:   118        SH:  0    Dex: 15    Spells: 0 memorised, 4 levels left

rFire  . . .     SeeInvis +     a - +0 short sword
rCold  . . .     Gourm    .     d - +0 leather armour
rNeg   + . .     Faith    .     (no shield)
rPois  .         Spirit   .     (no helmet)
rElec  .         Reflect  .     (no cloak)
rCorr  .         Harm     .     (no gloves)
MR     .....                    (no boots)
Stlth  ++........               (no amulet)
                                (no ring)
                                q - ring of wizardry

@: lethally poisoned (-1 -> -3)
A: fangs 3, see invisible, unbreathing
a: Bat Form, Berserk, Trog's Hand, Burn Spellbooks, Renounce Religion


You were on level 3 of the Dungeon.
You worshipped Trog.
Trog was pleased with you.
You were not thirsty.

You visited 1 branch of the dungeon, and saw 4 of its levels.

You collected 118 gold pieces.

Inventory:

Hand Weapons
 a - a +0 short sword (weapon)
 e - a +0 long sword
Armour
 d - a +0 leather armour (worn)
 n - a +0 ring mail of fire resistance
Jewellery
 q - a ring of wizardry (left hand)
Scrolls
 g - 3 scrolls of remove curse
 i - 4 scrolls of identify {unknown}
 j - 2 scrolls of immolation {unknown}
 l - a scroll of blinking {unknown}
Potions
 b - a potion of lignification {unknown}
 f - 2 potions of experience {unknown}
 h - a potion of agility {unknown}
 k - 2 potions of curing {unknown}
 m - a potion of ambrosia {unknown}
 o - a potion of haste {unknown}
 p - a potion of cure mutation {unknown}


   Skills:
 + Level 3.3 Fighting
 * Level 5.9 Short Blades
 - Level 1.5 Armour
 + Level 3.1 Dodging
 * Level 3.5 Stealth


You had 4 spell levels left.
You didn't know any spells.

Dungeon Overview and Level Annotations

Branches:
Dungeon (4/15)
 Temple: D:4-7

Altars:
Hepliaklqana
Ru


Innate Abilities, Weirdness & Mutations

You have razor-sharp teeth.
You have supernaturally acute eyesight. (SInv)
You can survive without breathing.


Message History

You feel sick. The adder bites you but does no damage.
You closely miss the adder.
The adder is severely wounded.
The adder misses you.
You hit the adder but do no damage.
The adder is severely wounded.
The adder barely misses you. The adder closely misses you.
You hit the adder.
You kill the adder!
Trog accepts your kill.
You barely miss the worker ant.
You feel sick. The worker ant bites you.
You barely miss the worker ant. Your bite misses the worker ant.
The worker ant bites you!
* * * LOW HITPOINT WARNING * * *
You closely miss the worker ant. The worker ant bites you.
* * * LOW HITPOINT WARNING * * *
You hit the worker ant.
The worker ant is lightly wounded.
The worker ant bites you.
You die...

#.# #>.# #.# ##...
#.# #[.####.# ####
#.# #.......# #..#
#.#
#...############..#
#.#
#....[...[......#.#
#.#
##....##########..#
#.# #..### ##.# #.#
#a## #.# #.# #@#
#.# #.# #.#
########.# #.# #.#
#(.......# #.# #.#
#.######## #.# #.#
#.######## #.# #.#
#.##...... #.#
#.#######)##.#####
#.# #............#
#.#
#########.#..#####


You could see a worker ant.

Vanquished Creatures
  A phantom (D:3)
  An orc priest (D:3)
  An orc wizard (D:3)
  3 adders
  2 oozes
  2 worms
  3 dart slugs
  2 leopard geckos (D:3)
  8 orcs (D:3)
  A ball python (D:2)
  4 giant cockroaches
  4 goblins
  8 hobgoblins
  2 quokkas (D:3)
  2 bats (D:1)
  2 frilled lizards
  5 kobolds
  5 rats
56 creatures vanquished.

Notes
Turn   | Place    | Note
-------+----------+-------------------------------------------
     0 | D:1      | SirGodfroy the Vampire Berserker began the quest for the Orb.
     0 | D:1      | Reached XP level 1. HP: 17/17 MP: 1/1
   604 | D:1      | Reached skill level 1 in Stealth
   619 | D:1      | Reached XP level 2. HP: 13/23 MP: 2/2
  1044 | D:2      | Reached XP level 3. HP: 28/28 MP: 3/3
  1139 | D:2      | Found a hazy altar of Hepliaklqana.
  1434 | D:2      | Reached skill level 4 in Short Blades
  1461 | D:2      | Reached ** piety under Trog
  1516 | D:2      | Found a faded altar of an unknown god.
  1649 | D:3      | Reached XP level 4. HP: 11/35 MP: 4/4
  1865 | D:3      | Found a sacrificial altar of Ru.
  1884 | D:3      | Reached skill level 5 in Short Blades
  1949 | D:3      | Reached XP level 5. HP: 28/41 MP: 5/5
  2478 | D:3      | Noticed a phantom
  2540 | D:3      | Killed a phantom
  2822 | D:3      | Slain by a worker ant

Skill      XL: |  1  2  3  4  5 |
---------------+----------------+-----
Stealth        | 1 2 3 |  3.5
Short Blades   | 4 5 |  5.9
Fighting       | 3 |  3.3
Dodging        | 3 |  3.1
Armour         | |  1.5

Action                   |  1- 3 |  4- 6 || total
-------------------------+-------+-------++-------
Melee: Short sword       |   111 |   184 ||   295
       Bite              |     9 |    23 ||    32
Invok: Berserk           |     1 |     3 ||     4
  Use: Scroll            |       |     2 ||     2
 Stab: Sleeping          |     1 |       ||     1
       Invisible         |       |     1 ||     1
  Eat: Corpse            |    11 |     7 ||    18
Armor: Leather armour    |    23 |    20 ||    43
       Ring mail         |     4 |       ||     4
Dodge: Dodged            |    66 |    90 ||   156
